 Dungeon Crawl Stone Soup version 0.29.1-2-gbd0b4ee654 (webtiles) character file.

Game seed: 6435090303318838793

119 kyanize the Covered (level 5, 0/33 HPs)
             Began as a Gargoyle Fighter on Nov 13, 2022.
             Slain by a gnoll
             ... wielding a +0 spear
              (5 damage)
             ... on level 3 of the Dungeon.
             The game lasted 00:06:24 (2183 turns).

kyanize the Covered (Gargoyle Fighter)              Turns: 2183, Time: 00:06:25

Health: 0/33       AC: 11    Str: 22    XL:     5   Next: 3%
Magic:  5/5        EV:  9    Int:  8    God:
Gold:   154        SH:  4    Dex:  9    Spells: 4/4 levels left

rFire   . . .      SeeInvis .   a - +0 flail (vorpal)
rCold   . . .      Faith    .   c - +0 buckler
rNeg    + . .      Spirit   .   b - +0 scale mail
rPois   ∞          Reflect  .   (no helmet)
rElec   +          Harm     .   (no cloak)
rCorr   .          Rampage  .   (no gloves)
Will    .....                   (no boots)
Stlth   ..........              (no amulet)
HPRegen 0.11/turn               j - +4 ring of slaying
MPRegen 0.09/turn               (no ring)

@: no status effects
A: sickness immunity, AC +4, negative energy resistance 1, electricity
resistance, torment resistance 1, petrification resistance
a: no special abilities


You were on level 3 of the Dungeon.
You visited 1 branch of the dungeon, and saw 3 of its levels.

You collected 154 gold pieces.

Inventory:

Hand Weapons
 a - a +0 vorpal flail (weapon)
Missiles
 e - 26 stones (quivered)
 g - 4 boomerangs
 h - 2 javelins
Armour
 b - a +0 scale mail (worn)
 c - a +0 buckler (worn)
Jewellery
 j - a +4 ring of slaying (left hand)
Scrolls
 k - a scroll of immolation
Potions
 d - 2 potions of might
 i - 2 potions of heal wounds


   Skills:
 + Level 3.7 Fighting
 + Level 3.5 Maces & Flails
 + Level 4.1 Armour
 + Level 0.5 Dodging
 + Level 0.2 Stealth
 + Level 3.8 Shields


You had 4 spell levels left.
You didn't know any spells.
Your spell library contained the following spells:

 Spells                   Type           Power      Damage    Failure   Level
 Slow                     Hex            0%         N/A       82%         1
 Confusing Touch          Hex            0%         N/A       99%         3
 Vampiric Draining        Necr           0%         2d6       99%         3


Dungeon Overview and Level Annotations

Branches:
Dungeon (3/15)

Altars:

Shops:
D:1 [![(=


Innate Abilities, Weirdness & Mutations

You are immune to sickness and miasma.
Your stone body is resilient. (AC +4)
You are immune to poison.
You resist negative energy. (rN+)
You are resistant to electric shocks. (rElec)
You are resistant to unholy torment.
You are immune to petrification.


Message History

HP restored.
You now have 154 gold pieces (gained 18). 2 gnolls come into view.
Found a faded altar of an unknown god.
The gnoll shouts! x2
A gnoll comes into view. It is wielding a +0 club.
A gnoll comes into view. It is wielding a +0 spear.
The gnoll shouts!
Sorry, you're not good enough to have a special ability.
The gnoll closely misses you.
The gnoll hits you from afar with a +0 halberd.
The gnoll hits you but does no damage.
You closely miss the gnoll. The gnoll barely misses you.
You sock the gnoll!
The gnoll is severely wounded.
The gnoll hits you with a +0 halberd!
You completely miss the gnoll.
The gnoll is severely wounded.
You block the gnoll's attack. The gnoll barely misses you.
You thump the gnoll!
You kill the gnoll!
The gnoll closely misses you.
You have reached level 5!
You block the gnoll's attack. The gnoll hits you with a +0 halberd!
Things that are here:
a +0 halberd; a gnoll corpse You hit the gnoll.
The gnoll is moderately wounded.
The gnoll hits you but does no damage. The gnoll hits you with a +0 halberd!
* * * LOW HITPOINT WARNING * * *
You closely miss the gnoll.
The gnoll is moderately wounded.
The gnoll barely misses you. The gnoll closely misses you.
You completely miss the gnoll.
The gnoll is moderately wounded.
You block the gnoll's attack. The gnoll barely misses you.
You sock the gnoll!
You kill the gnoll!
The gnoll hits you from afar with a +0 spear.
You die... #..## .... ...# ####... ..... .gg

### #)# ..# #@#
####.# ##.# # #..#
..>.#.##.###.#
#..###...#.##.#...###
#..#.................
#..####..#.##.#.#..._
#.............#.# ..
#.#####..#....# #
#.##.....#....#


You could see 2 gnolls.

Vanquished Creatures
  A hound (D:2)
  2 gnolls (D:3)
  2 adders (D:2)
  2 dart slugs
  5 ball pythons (D:1)
  5 bats
  9 endoplasms
  5 giant cockroaches
  6 goblins
  2 hobgoblins
  A quokka (D:2)
  A frilled lizard (D:2)
  7 kobolds
  5 rats
53 creatures vanquished.

Notes
Turn   | Place    | Note
-------+----------+-------------------------------------------
     0 | D:1      | kyanize the Gargoyle Fighter began the quest for the Orb.
     0 | D:1      | Reached XP level 1. HP: 14/14 MP: 1/1
    45 | D:1      | Found Gysays's Antique Weapon Shop.
    50 | D:1      | Reached XP level 2. HP: 19/19 MP: 2/2
   103 | D:1      | Found Axevigg's Antique Armour Shoppe.
   112 | D:1      | Found Koownerr's Distillery.
   331 | D:1      | Found Saaphon's Antique Armour Emporium.
   430 | D:1      | Reached XP level 3. HP: 15/23 MP: 3/3
   727 | D:1      | Found Aburebump's Jewellery Shop.
  1174 | D:2      | Reached XP level 4. HP: 29/29 MP: 4/4
  1601 | D:2      | Reached skill level 4 in Armour
  2169 | D:3      | Found a faded altar of an unknown god.
  2179 | D:3      | Reached XP level 5. HP: 23/33 MP: 5/5
  2183 | D:3      | Slain by a gnoll

Illustrated notes

Levels and vault maps discovered:
D:1:      matt_arrival_los_fun, layout_basic, serial_shops,
          nicolae_shop_overgrown_old_shop, nicolae_shop_behind_doors, shop,
          nicolae_shop_behind_doors, nicolae_shop_stone, minmay_tetromino_s4
D:2:      layout_basic, corexii_corridor_pit, minmay_between
D:3:      layout_basic, basic_ecumenical_altar

Skill      XL: |  1  2  3  4 |
---------------+-------------+-----
Maces & Flails | 3 |  3.5
Armour         | 4 |  4.1
Fighting       | |  3.7
Dodging        | |  0.5
Stealth        | |  0.2
Shields        | |  3.8

Action                   |  1- 3 |  4- 6 || total
-------------------------+-------+-------++-------
Melee: Flail             |    85 |    55 ||   140
  Use: Scroll            |     3 |     3 ||     6
       Potion            |     4 |     2 ||     6
Armor: Scale mail        |    46 |    27 ||    73
Dodge: Dodged            |    42 |    21 ||    63
Block: Buckler           |    22 |    14 ||    36
